 Dungeon Crawl Stone Soup version 0.21-a0-1-gaf3b9a5 (webtiles) character file.

29 tilp the Firebug (level 3, 26/26 HPs)
             Began as a Hill Orc Fire Elementalist on May 20, 2017.
             Quit the game on level 1 of the Dungeon.
             The game lasted 00:04:30 (1555 turns).

tilp the Firebug (Hill Orc Fire Elementalist)       Turns: 1555, Time: 00:04:31

Health: 26/26      AC:  3    Str: 10    XL:     3   Next: 16%
Magic:  5/5        EV: 12    Int: 16    God:
Gold:   28         SH:  0    Dex: 11    Spells: 4/5 levels left

rFire    . . .     SeeInvis .   e - -3 dagger (curse)
rCold    . . .     Gourm    .   (no shield)
rNeg     . . .     Faith    .   a - +0 robe
rPois    .         Spirit   .   (no helmet)
rElec    .         Reflect  .   (no cloak)
rCorr    .         Harm     .   d - +0 pair of gloves
MR       .....                  (no boots)
Stlth    ++........             (no amulet)
Regen    0.1/turn               (no ring)
MPRegen  0.1/turn               (no ring)

@: no status effects
A: no striking features
a: no special abilities


You were on level 1 of the Dungeon.
You were not hungry.

You visited 1 branch of the dungeon, and saw 1 of its levels.

You collected 28 gold pieces.

Inventory:

Hand Weapons
 e - a cursed -3 dagger (weapon)
 i - a +0 club
Missiles
 l - 28 stones (quivered)
Armour
 a - a +0 robe (worn)
 d - a +0 pair of gloves (worn)
Jewellery
 h - an uncursed amulet of guardian spirit {unknown}
 p - an uncursed ring of protection from magic {unknown}
Scrolls
 k - a scroll of fog {unknown}
 m - a scroll of enchant weapon {unknown}
 n - a scroll of identify {unknown}
Potions
 f - a potion of curing {unknown}
 j - a potion of mutation {unknown}
 o - a potion of heal wounds {unknown}
Books
 b - a book of Flames

   Spells                             Type                      Level
   a - Flame Tongue                   Conjuration/Fire             1
   b - Throw Flame                    Conjuration/Fire             2
   c - Conjure Flame                  Conjuration/Fire             3
   d - Inner Flame                    Hexes/Fire                   3
   e - Sticky Flame                   Conjuration/Fire             4
   f - Fireball                       Conjuration/Fire             5
Comestibles
 c - a bread ration
 g - a royal jelly


   Skills:
 + Level 0.2 Short Blades
 + Level 2.0 Dodging
 + Level 1.7 Stealth
 + Level 1.7 Spellcasting
 + Level 1.3 Conjurations
 + Level 3.8 Fire Magic


You had 4 spell levels left.
You knew the following spells:

 Your Spells              Type           Power        Failure   Level  Hunger
a - Flame Tongue          Conj/Fire      #....        8%          1    ##.....


Dungeon Overview and Level Annotations

Branches:
Dungeon (1/15)

Altars:


Message History

Aim: an ooze (heavily wounded)
The flame tongue hits the ooze.
The ooze is heavily wounded.
The ooze closely misses you.
Casting: Flame Tongue
Confirm with . or Enter, or press ? or * to list all spells.
Aiming: Flame Tongue
Press: ? - help, Shift-Dir - straight line, f/p - ooze
Aim: an ooze (heavily wounded)
The flame tongue hits the ooze.
You kill the ooze!
Your Dodging skill increases to level 2!
You start resting.
Magic restored.
You start resting.
Eating one of 3 chunks of flesh.
You eat one of the 3 chunks of flesh.
This raw flesh tastes terrible.
All of the chunks of flesh in your inventory have rotted away.
HP restored.
Are you sure you want to abandon this character and quit the game? (Confirm with "yes".)

.#........ #.###+####....# #...##
.#.......................###...#.
###+#...................##.....#.
# #.#...................##.....#.
###.#...................##.....#.
...............................#.
.................................
.................................
................@................
.................................
...........#.###.##.....#........
...........# ....+.....#........
...........# #.#.##.....#........
...........# #.#.##.....#........
.#....#.##.# # #.##.....###.#####
.#.##.#.# .# #.##.##### #.#
.#.##.#.# .# #.##.# #.#


There were no monsters in sight!

Vanquished Creatures
  An ooze (D:1)
  3 dart slugs (D:1)
  A leopard gecko (D:1)
  A ball python (D:1)
  A giant cockroach (D:1)
  A goblin (D:1)
  4 hobgoblins (D:1)
  A bat (D:1)
  2 frilled lizards (D:1)
  2 rats (D:1)
17 creatures vanquished.

Notes
Turn   | Place    | Note
-------+----------+-------------------------------------------
     0 | D:1      | tilp the Hill Orc Fire Elementalist began the quest for the Orb.
     0 | D:1      | Reached XP level 1. HP: 14/14 MP: 3/3
   271 | D:1      | Reached XP level 2. HP: 11/20 MP: 1/4
  1301 | D:1      | Reached XP level 3. HP: 15/26 MP: 2/5
  1555 | D:1      | Quit the game

Vault maps used:
D:1:      minmay_arrival_split_and_join

Skill      XL: |  1  2  3 |
---------------+----------+-----
Dodging        | 2 |  2.0
Short Blades   | |  0.2
Stealth        | |  1.7
Spellcasting   | |  1.7
Conjurations   | |  1.3
Fire Magic     | |  3.8

Action                   || total
-------------------------++-------
Melee: Dagger            ||    79
Throw: Stone             ||    19
 Cast: Flame Tongue      ||    23
 Stab: Sleeping          ||     1
  Eat: Chunk             ||     3
Armor: Robe              ||    21
Dodge: Dodged            ||    55
